 Dungeon Crawl Stone Soup version 0.31.0-11-ge490571c62 (webtiles) character file.

Game seed: 9841433960864503205

64 SnakkuSnakku7 the Magician (level 3, -2/27 HPs)
             Began as a Mummy Alchemist on Jan 27, 2024.
             Was an Initiate of Wu Jian.
             Killed from afar by an orc wizard (4 damage)
             ... with a magic dart
             ... on level 3 of the Dungeon.
             The game lasted 00:01:24 (1025 turns).

SnakkuSnakku7 the Magician (Mummy Alchemist)        Turns: 1025, Time: 00:01:25

Health: -2/27      AC:  2    Str: 19    XL:     3   Next: 91%
Magic:  7/7        EV: 12    Int: 14    God:    Wu Jian [......]
Gold:   72         SH:  0    Dex: 12    Spells: 6/7 levels left

rFire   x . .        a - +0 war axe
rCold   + . .        (no shield)
rNeg    + + +        i - +0 robe
rPois   ∞            (no helmet)
rElec   .            (no cloak)
rCorr   .            (no gloves)
SInv    .            (no boots)
Will    +....        (no amulet)
Stlth   ++           k - ring of willpower
HPRegen 0.24/turn    e - +6 ring of strength
MPRegen 0.10/turn

%: faith
@: no status effects
A: cold resistance 1, negative energy resistance 3, torment resistance 2, heat
vulnerability 1, in touch with death 1, no potions, faith
a: Renounce Religion


You were on level 3 of the Dungeon.
You worshipped Wu Jian.
Wu Jian was noncommittal.
You visited 1 branch of the dungeon, and saw 3 of its levels.

You collected 72 gold pieces.

Inventory:

Hand Weapons
 a - a +0 war axe (weapon)
 d - a +0 mace
Armour
 i - a +0 robe (worn)
Jewellery
 e - a +6 ring of strength (right hand)
 k - a ring of willpower (left hand)
Scrolls
 b - 3 scrolls of identify {unknown}
 c - 5 scrolls of teleportation {unknown}
 f - a scroll of silence {unknown}
 g - 2 scrolls of revelation {unknown}
 h - a scroll of amnesia {unknown}
 j - a scroll of blinking {unknown}


   Skills:
 - Level 1.7 Fighting
 + Level 2.4 Axes
 - Level 1.5 Dodging
 - Level 1.5 Stealth
 - Level 2.6 Spellcasting
 - Level 0.7 Conjurations
 - Level 2.4 Alchemy


You had 6 spell levels left.
You knew the following spells:

 Your Spells              Type           Power      Damage    Failure   Level
a - Sting                 Conj/Alch      24%        1d4       12%         1

Your spell library contained the following spells:

 Spells                   Type           Power      Damage    Failure   Level
 Mercury Vapours          Alch/Air       10%        N/A       21%         2
 Mephitic Cloud           Conj/Alch/Air  4%         N/A       41%         3
 Olgreb's Toxic Radiance  Alch           8%         N/A       63%         4
 Sticky Flame             Fire/Alch      5%         2d4       80%         4


Dungeon Overview and Level Annotations

Branches:
Dungeon (3/15)

Altars:
Wu Jian

Shops:
D:1 =


Innate Abilities, Weirdness & Mutations

You are immune to poison.
Your flesh is cold resistant. (rC+)
You are immune to negative energy. (rN+++)
You are immune to unholy pain and torment.
You are vulnerable to heat. (rF-)
You are in touch with the powers of death.
You do not drink.
You have a special connection with the divine. (Faith)


Message History

The orc hits you with a +0 dagger. The orc closely misses you.
A hobgoblin comes into view.
Unknown command.
You closely miss the orc.
The orc is heavily wounded.
You closely miss the orc. The orc closely misses you. x2
Unknown command.
You barely miss the orc.
The orc is heavily wounded.
You hit the orc. x2; The orc closely misses you.
The orc hits you but does no damage. The orc closely misses you.
Unknown command.
You closely miss the orc.
The orc is almost dead.
You completely miss the orc. You closely miss the orc.
The orc closely misses you. x2; The orc hits you with a +0 hand axe.
The orc hits you with a +0 club. The orc barely misses you. The orc misses you.
Unknown command.
You barely miss the orc.
The orc is lightly wounded.
You closely miss the orc. x2; The orc barely misses you.
The orc hits you with a +0 club. The orc hits you with a +0 hand axe.
Unknown command.
You closely miss the orc.
The orc is lightly wounded.
You barely miss the orc. x2; The orc hits you with a +0 dagger.
The orc closely misses you. The orc hits you with a +0 hand axe.
* * * LOW HITPOINT WARNING * * *
The orc barely misses you. x3
Unknown command.
You hit the orc.
The orc is heavily wounded.
You hit the orc.
You kill the orc!
The Council accepts your kill.
You closely miss the orc. The orc hits you with a +0 club.
* * * LOW HITPOINT WARNING * * *
A magic dart appears from out of thin air!
The magic dart hits you.
You die...

.. #.# ..#
#
####..###.#
#..<.......
#..........
#..........
#.o###.####
#.o@){o....
######.###.


You could see 3 orcs.

Vanquished Creatures
  Jessica (D:2)
  An adder (D:2)
  An orc (D:3)
  3 endoplasms
  5 giant cockroaches
  5 hobgoblins
  3 jackals (D:1)
  2 kobolds (D:2)
  3 ball pythons
  A bat (D:1)
  2 frilled lizards
  A rat (D:2)
28 creatures vanquished.

Notes
Turn   | Place    | Note
-------+----------+-------------------------------------------
     0 | D:1      | SnakkuSnakku7 the Mummy Alchemist began the quest for the
                  | Orb.
     0 | D:1      | Reached XP level 1. HP: 13/13 MP: 4/4
   101 | D:1      | Found Huunt's Jewellery Shop.
   160 | D:1      | Reached skill level 1 in Fighting
   187 | D:1      | Reached XP level 2. HP: 20/22 MP: 5/5
   436 | D:1      | Found a faded altar of an unknown god.
   542 | D:2      | Found an ornate altar of the Wu Jian Council.
   632 | D:2      | Noticed Jessica
   639 | D:2      | Reached skill level 1 in Axes
   641 | D:2      | Killed Jessica
   642 | D:2      | Reached XP level 3. HP: 16/27 MP: 7/7
   687 | D:2      | Became a worshipper of the Wu Jian Council
  1025 | D:3      | Killed from afar by an orc wizard

Illustrated notes

Levels and vault maps discovered:
D:1:      heliophobic_arrival_dark_side_of_the_moon, layout_basic, serial_shops,
          nicolae_shop_just_a_little_nook,
          hellmonk_ecumenical_altar_pennies_from_heaven
D:2:      layout_rooms, basic_altar, uniq_jessica
D:3:      layout_basic, lemuel_tele_altar,
          nicolae_concentric_dashed_squares_wild, minmay_circle_x, uniq_ijyb

Skill      XL: |  1  2 |
---------------+-------+-----
Fighting       | 1 |  1.7
Axes           | 2 |  2.4
Dodging        | |  1.5
Stealth        | |  1.5
Spellcasting   | |  2.6
Conjurations   | |  0.7
Alchemy        | |  2.4

Action                     || total
---------------------------++-------
  Melee: Mace              ||    23
         War axe           ||    58
   Cast: Sting             ||     1
Ability: Lunge             ||     2
 Armour: Robe              ||    49
  Dodge: Dodged            ||    75
